 Dungeon Crawl Stone Soup version 0.16.2-12-gd0ad4c3 (webtiles) character file.

10507 faibistes the Thaumaturge (level 11, -5/60 HPs)
             Began as a Deep Elf Wizard on Sept 21, 2018.
             Was a High Priest of Sif Muna.
             Slain by an elephant (15 damage)
             ... on level 2 of the Lair of Beasts.
             The game lasted 00:44:03 (14598 turns).

faibistes the Thaumaturge (Deep Elf Wizard)        Turns: 14598, Time: 00:44:04

Health: -5/60      AC:  6    Str:  4    XL:     11   Next: 37%
Magic:  4/34       EV: 19    Int: 27    God:    Sif Muna [*****.]
Gold:   535        SH:  0    Dex: 13    Spells: 6 memorised, 21 levels left

rFire  . . .     SeeInvis .     w - +6 dagger (venom)
rCold  . . .     Clarity  .     U - +1 robe {MR+}
rNeg   . . .     SustAb   .     (no shield)
rPois  .         Gourm    .     b - +0 hat (curse)
rElec  .         Spirit   .     G - +0 cloak
rCorr  .         Warding  .     j - +0 pair of gloves
rMut   .         Stasis   .     x - +0 pair of boots
MR     ++...                    B - amulet of rage
Stlth  ++........               P - +3 ring of evasion
                                s - +3 ring of slaying (curse)

@: repel missiles, very resistant to hostile enchantments, unstealthy
A: no striking features
a: Channel Energy, Forget Spell, Renounce Religion, Evoke Berserk Rage


You were on level 2 of the Lair of Beasts.
You worshipped Sif Muna.
Sif Muna was extremely pleased with you.
You were hungry.

You visited 3 branches of the dungeon, and saw 15 of its levels.
You also visited: Sewer and Ossuary.

You collected 643 gold pieces.
You spent 108 gold pieces at shops.

Inventory:

Hand weapons
 h - a +0 dagger of draining
 i - a +1 dagger of electrocution
 w - a +6 dagger of venom (weapon)
 D - a +0 club
 O - a +2 dagger of venom
 T - the +8 long sword of Charity {slice, rF+ rN+ Int-2 Dex+4}
   (You found it on level 9 of the Dungeon)

   It inflicts extra damage upon your enemies.
   It affects your intelligence (-2).
   It affects your dexterity (+4).
   It protects you from fire.
   It protects you from negative energy.
Armour
 b - a cursed +0 hat (worn)
 j - a +0 pair of gloves (worn)
 x - a +0 pair of boots (worn)
 G - a +0 cloak (worn)
 U - a +1 robe of magic resistance (worn)
Jewellery
 g - an uncursed ring of ice
 s - a cursed +3 ring of slaying (left hand)
 B - an amulet of rage (around neck)
 E - an uncursed ring of sustain abilities
 K - a +3 ring of protection
 P - a +3 ring of evasion (right hand)
 Q - an uncursed ring of see invisible
Magical devices
 k - a wand of random effects (19)
 R - a wand of confusion (48)
 S - a wand of paralysis (10)
Scrolls
 f - 3 scrolls of remove curse
 p - a scroll of amnesia
 r - 2 scrolls of fear
 t - 9 scrolls of teleportation
 y - a scroll of recharging
Potions
 e - 4 potions of curing
 l - 2 potions of berserk rage
 m - 2 potions of magic {unknown}
 n - 4 potions of flight
 o - 2 potions of cure mutation
 q - 4 potions of restore abilities
 u - a potion of heal wounds
 v - a potion of cancellation {unknown}
 z - 2 potions of haste {unknown}
 A - 3 potions of agility
 F - a potion of poison {unknown}
 J - a potion of ambrosia {unknown}
 M - 3 potions of might
Comestibles
 d - 2 bread rations
 C - 6 meat rations
 H - 10 royal jellies
 I - 4 beef jerkies
 L - 8 fruits
 N - a slice of pizza


   Skills:
 + Level 3.5 Fighting
 + Level 7.5 Dodging
 - Level 2.4 Stealth
 * Level 12.1 Spellcasting
 + Level 7.5 Conjurations
 + Level 4.4 Charms
 - Level 4.4 Summonings
 + Level 4.7 Translocations
 * Level 6.7 Fire Magic
 - Level 3.9 Air Magic
 - Level 2.5 Poison Magic
 * Level 5.0 Invocations
 + Level 4.2 Evocations


You had 21 spell levels left.
You knew the following spells:

 Your Spells              Type           Power        Failure   Level  Hunger
a - Magic Dart            Conj           ####         1%          1    None
b - Conjure Flame         Conj/Fire      ######..     1%          3    None
c - Call Imp              Summ           #####...     1%          2    None
d - Blink                 Tloc           N/A          1%          2    None
e - Mephitic Cloud        Conj/Pois/Air  #####...     1%          3    None
f - Repel Missiles        Chrm/Air       #####.       1%          2    None


Dungeon Overview and Level Annotations

Branches:
Dungeon (11/15)            Temple (1/1) D:6            Lair (3/8) D:8
  Swamp: Lair:3-6    Shoals: Lair:3-6     Snake: Lair:3-6    Spider: Lair:3-6
    Orc: D:9-12

Altars:
Ashenzari
Cheibriados
Dithmenos
Elyvilon
Fedhas
Gozag
Kikubaaqudgha
Makhleb
Nemelex Xobeh
Okawaru
Qazlal
Ru
Sif Muna
Trog
Vehumet
Xom
Yredelemnul
Zin
The Shining One

Shops:
D:6 (   D:11 !}[

Annotations:
D:8 exclusion: statue


Message History

Aiming: Conjure Flame
Press: ? - help, Dir - move target cursor The fire roars!
Casting: Conjure Flame
Confirm with . or Enter, or press ? or * to list all spells.
Aiming: Conjure Flame
Press: ? - help, Dir - move target cursor The fire roars!
The elephant is engulfed in roaring flames.
Casting: Conjure Flame
Confirm with . or Enter, or press ? or * to list all spells.
Aiming: Conjure Flame
Press: ? - help, Dir - move target cursor The fire roars!
The elephant is engulfed in roaring flames.
Drink which item? (? for menu, Esc to quit)
Okay, then.
The elephant is engulfed in roaring flames.
The elephant tramples you!
You die...

.##.....8.8.#...###
...÷.#............###
..+......>...#.....P#
..#..........Y..#.P##
.#...#..8.8.##..#§P#
####........#..##§##
#......÷....#.§#
##.........##Y.#
#..#......#.@##
##........##.#
##.....##...# ###..##
..## ....#.## ......
###.# #


You could see an elephant.

Vanquished Creatures
  Nergalle (Lair:1)
  Pikel (D:6)
  A hill giant (D:10)
  An elephant (Lair:2)
  Joseph (D:8)
  A gargoyle (D:10)
  A troll (D:11)
  4 orc warriors
  The ghost of faibistes the Magician, an average DEWz of Sif Muna (D:5)
  A basilisk (Lair:2)
  16 yaks
  A hippogriff (D:8)
  A wraith (D:10)
  A human (D:5)
  2 hungry ghosts
  2 sky beasts
  A porcupine (Lair:2)
  2 water moccasins
  Purgy (Sewer)
  3 ice beasts
  2 slaves (D:6)
  4 ogres
  A big kobold (D:10)
  An elf zombie (Ossuary)
  A centaur (D:9)
  A crocodile (Lair:2)
  Blork the orc (D:7)
  5 giant frogs
  3 scorpions
  4 killer bees (D:8)
  A goliath beetle (D:8)
  11 wights
  7 crimson imps
  5 jellies
  2 giant frog zombies
  6 orc priests
  7 orc wizards
  A human zombie (D:5)
  2 hounds
  4 centaur zombies (Ossuary)
  A giant frog skeleton (D:5)
  2 iguanas
  5 sheep
  4 worker ants
  3 big kobold zombies (Ossuary)
  2 hound zombies
  2 mummies (Ossuary)
  10 adders
  4 gnolls (D:5)
  2 giant mites
  2 shadow imps
  3 worms
  2 adder zombies (Ossuary)
  A giant gecko (D:3)
  6 oozes
  36 orcs
  13 bats
  A bat skeleton (D:5)
  2 bat zombies (D:7)
  6 giant cockroaches
  14 hobgoblins
  A ball python (D:1)
  2 giant newts
  2 giant spores
  21 goblins
  9 hobgoblin zombies (Ossuary)
  4 jackals
  2 jackal zombies (Ossuary)
  20 kobolds
  7 kobold zombies
  9 orc zombies (Ossuary)
  A quokka (D:3)
  2 quokka zombies
  17 rats
  A rat zombie (Ossuary)
  A ballistomycete (D:6)
  A bush (D:7)
333 creatures vanquished.

Vanquished Creatures (collateral kills)
  A kobold (D:1)
1 creature vanquished.

Vanquished Creatures (others)
  2 slaves (D:6)
  2 orcs (D:6)
  A jackal (D:6)
  A jackal skeleton (D:6)
  A quokka skeleton (D:6)
  A fungus (Lair:1)
  A plant (Lair:2)
9 creatures vanquished.

Grand Total: 343 creatures vanquished

Notes
Turn   | Place    | Note
--------------------------------------------------------------
     0 | D:1      | faibistes, the Deep Elf Wizard, began the quest for the Orb.
     0 | D:1      | Reached XP level 1. HP: 10/10 MP: 6/6
   419 | D:1      | Reached XP level 2. HP: 15/15 MP: 5/10
   423 | D:1      | Learned a level 2 spell: Blink
   426 | D:1      | Learned a level 2 spell: Call Imp
   532 | D:1      | Reached skill level 5 in Spellcasting
   616 | D:1      | Found a shattered altar of Ashenzari.
  1322 | D:2      | Found a bloodstained altar of Trog.
  1369 | D:2      | Reached XP level 3. HP: 19/19 MP: 11/14
  1377 | D:2      | Learned a level 3 spell: Conjure Flame
  1381 | D:2      | Learned a level 3 spell: Mephitic Cloud
  1671 | D:2      | Found a shattered altar of Ashenzari.
  1798 | D:3      | Found a glowing drain.
  1874 | Sewer    | Entered a sewer
  2007 | Sewer    | Noticed Purgy
  2011 | Sewer    | Killed Purgy
  2011 | Sewer    | Reached skill level 6 in Spellcasting
  2011 | Sewer    | Reached XP level 4. HP: 20/24 MP: 12/18
  2011 | Sewer    | Reached XP level 5. HP: 23/28 MP: 13/20
  2038 | Sewer    | Learned a level 2 spell: Repel Missiles
  2296 | D:3      | Found a stormy altar of Qazlal.
  2750 | D:3      | Reached skill level 7 in Spellcasting
  2750 | D:3      | Reached XP level 6. HP: 17/32 MP: 6/23
  2990 | D:5      | Entered Level 5 of the Dungeon
  3312 | D:5      | Found a sand-covered staircase.
  3316 | Ossuary  | Entered an ossuary
  3689 | Ossuary  | Reached XP level 7. HP: 22/37 MP: 5/25
  3849 | Ossuary  | Reached skill level 1 in Fighting
  3849 | Ossuary  | Reached skill level 8 in Spellcasting
  3849 | Ossuary  | Reached skill level 1 in Evocations
  4523 | D:4      | Found a basalt altar of Yredelemnul.
  4713 | D:4      | Found a shimmering altar of Xom.
  4716 | D:4      | Reached skill level 5 in Dodging
  4857 | D:4      | Found an ancient bone altar of Kikubaaqudgha.
  5215 | D:6      | Found a staircase to the Ecumenical Temple.
  5227 | Temple   | Entered the Ecumenical Temple
  5263 | Temple   | Became a worshipper of Sif Muna the Loreminder
  5750 | D:5      | Found a runed door.
  5751 | D:5      | Noticed a human
  5818 | D:5      | Reached XP level 8. HP: 44/44 MP: 17/28
  5926 | D:5      | Found a basalt altar of Yredelemnul.
  5926 | D:5      | Noticed faibistes' ghost (average DEWz)
  6098 | D:5      | Killed a human
  6098 | D:5      | Reached skill level 9 in Spellcasting
  6098 | D:5      | Reached skill level 1 in Fire Magic
  6098 | D:5      | Reached skill level 1 in Air Magic
  6125 | D:5      | Killed faibistes' ghost
  6125 | D:5      | Acquired Sif Muna's first power
  6125 | D:5      | Reached skill level 1 in Poison Magic
  6330 | D:6      | Reached skill level 5 in Conjurations
  6463 | D:6      | Found Appauq's Weapon Shoppe.
  6670 | D:6      | Acquired Sif Muna's second power
  6724 | D:6      | Noticed Pikel
  6793 | D:6      | Killed Pikel
  6793 | D:6      | Reached XP level 9. HP: 48/48 MP: 26/30
  7212 | D:6      | Reached skill level 10 in Spellcasting
  8749 | D:7      | Noticed Blork the orc
  8757 | D:7      | Killed Blork the orc
  9558 | D:8      | Found a burning altar of Makhleb.
  9590 | D:8      | Noticed Joseph
  9613 | D:8      | Killed Joseph
  9777 | D:10     | Entered Level 10 of the Dungeon
  9793 | D:11     | Found Seimaah's Gadget Shoppe.
 10026 | D:8      | Found a staircase to the Lair.
 10084 | D:8      | Reached XP level 10. HP: 54/54 MP: 26/32
 10270 | D:8      | Reached skill level 11 in Spellcasting
 10270 | D:8      | Reached skill level 1 in Invocations
 10580 | D:8      | Reached skill level 1 in Charms
 10766 | D:8      | Found a radiant altar of Vehumet.
 10818 | D:8      | Acquired Sif Muna's third power
 10972 | D:8      | Reached skill level 5 in Fire Magic
 11442 | D:9      | Found a sacrificial altar of Ru.
 11719 | D:9      | Got a twisted long sword
 11720 | D:9      | Identified the +8 long sword of Charity {slice, rF+ rN+ Int-2 Dex+4} (You found it on level 9 of the Dungeon)
 11910 | D:10     | Found a glowing golden altar of the Shining One.
 12095 | D:10     | Noticed a hill giant
 12110 | D:10     | Killed a hill giant
 12266 | D:11     | Found Pisein's Armour Shop.
 12988 | D:11     | Found Paud's Distillery.
 13132 | D:11     | Bought a potion of curing for 54 gold pieces
 13132 | D:11     | Bought a potion of curing for 54 gold pieces
 13415 | D:10     | Reached XP level 11. HP: 60/60 MP: 28/33
 13524 | Lair:1   | Entered Level 1 of the Lair of Beasts
 13575 | Lair:1   | Noticed Nergalle
 13622 | Lair:1   | Killed Nergalle
 14077 | Lair:1   | Reached skill level 12 in Spellcasting
 14489 | Lair:2   | Reached skill level 5 in Invocations
 14598 | Lair:2   | Slain by an elephant

Action                   |  1- 3 |  4- 6 |  7- 9 | 10-12 || total
-------------------------+-------+-------+-------+-------++-------
Melee: Dagger            |     9 |    18 |   178 |   115 ||   320
 Cast: Magic Dart        |    95 |   119 |   361 |   300 ||   875
       Call Imp          |     1 |       |       |       ||     1
       Conjure Flame     |     1 |    13 |    39 |    58 ||   111
       Mephitic Cloud    |       |     3 |    11 |    19 ||    33
       Repel Missiles    |       |     2 |       |     1 ||     3
       Blink             |       |     2 |     5 |    14 ||    21
Invok: Channel Energy    |       |       |     3 |     8 ||    11
Evoke: Wand              |       |       |       |     5 ||     5
  Use: Scroll            |     4 |     2 |    13 |     8 ||    27
       Potion            |       |       |     1 |     3 ||     4
 Stab: Confused          |       |       |     3 |     7 ||    10
       Distracted        |       |       |       |     1 ||     1
       Invisible         |       |       |       |     1 ||     1
       Sleeping          |       |       |       |     1 ||     1
  Eat: Chunk             |     3 |     4 |    17 |    13 ||    37
       Bread ration      |       |       |     1 |       ||     1
       Fruit             |       |       |       |     2 ||     2
